 Dungeon Crawl Stone Soup version 0.29.0-4-gdea44cf6ec (webtiles) character file.

Game seed: 486388529794186730

2 qw the Sneak (level 1, 0/14 HPs)
             Began as a Gargoyle Delver on Sept 10, 2022.
             Slain by an orc wizard
             ... wielding a +0 dagger
              (3 damage)
             ... on level 5 of the Dungeon.
             The game lasted 00:00:01 (38 turns).

qw the Sneak (Gargoyle Delver)                        Turns: 38, Time: 00:00:01

Health: 0/14       AC:  5    Str: 15    XL:     1   Next: 30%
Magic:  1/1        EV: 11    Int: 10    God:
Gold:   7          SH:  0    Dex: 11    Spells: 0/0 levels left

rFire   . . .      SeeInvis .   a - +0 hand axe
rCold   . . .      Faith    .   (no shield)
rNeg    + . .      Spirit   .   b - +0 leather armour
rPois   inf        Reflect  .   (no helmet)
rElec   +          Harm     .   (no cloak)
rCorr   .          Rampage  .   (no gloves)
Will    .....                   (no boots)
Stlth   +++.......              (no amulet)
HPRegen 0.04/turn               (no ring)
MPRegen 0.07/turn               (no ring)

@: no status effects
A: sickness immunity, AC +2, negative energy resistance 1, electricity
resistance, torment resistance 1, petrification resistance
a: no special abilities


You were on level 5 of the Dungeon.
You visited 1 branch of the dungeon, and saw 1 of its levels.

You collected 7 gold pieces.


Innate Abilities, Weirdness & Mutations

You are immune to sickness and miasma.
Your stone body is resilient. (AC +2)
You are immune to poison.
You resist negative energy. (rN+)
You are resistant to electric shocks. (rElec)
You are resistant to unholy torment.
You are immune to petrification.


   Skills:
 - Level 3.2 Fighting
 + Level 2.0 Axes
 - Level 1.5 Dodging
 - Level 5.4 Stealth


You couldn't memorise any spells.
You didn't know any spells.
Your spell library was empty.

Inventory:

Hand Weapons
 a - a +0 hand axe (weapon)
Armour
 b - a +0 leather armour (worn)
Wands
 g - a wand of digging (3)
Scrolls
 c - a scroll of fog
 d - a scroll of magic mapping
 e - a scroll of fear
 h - a scroll of amnesia {unknown}
Potions
 f - a potion of haste
 i - a potion of attraction {unknown}

Dungeon Overview and Level Annotations

Branches:
Dungeon (5/15)
 Temple: D:4-7

Altars:


Message History

An orc wizard and 4 orcs come into view.
Found a dagger.
There is an open door here.
You hit the orc but do no damage. You closely miss the orc wizard.
You hit the orc. You closely miss the orc.
The orc shouts!
The orc wizard hits you with a +0 dagger.
The orc hits you but does no damage. x2
You barely miss the orc.
The orc is heavily wounded.
You completely miss the orc. You barely miss the orc wizard.
The orc wizard gestures at you while chanting.
The magic dart hits you. The orc hits you with a +0 whip.
The orc hits you with a +0 flail.
The orc shouts!
You hit the orc.
You kill the orc!
You hit the orc wizard. You hit the orc. The orc hits you but does no damage.
The orc wizard closely misses you.
Your Axes skill increases to level 2!
You closely miss the orc wizard.
The orc wizard is lightly wounded.
You hit the orc. x2
The orc barely misses you.
The orc wizard hits you with a +0 dagger.
The orc barely misses you. x2; The orc closely misses you.
The orc wizard hits you with a +0 dagger.
You hit the orc but do no damage.
The orc is almost dead.
You hit the orc wizard but do no damage.
You barely miss the orc. The orc closely misses you.
The orc wizard hits you but does no damage.
The orc barely misses you.
You hit the orc.
You kill the orc!
You hit the orc wizard. You hit the orc but do no damage.
The orc hits you but does no damage.
The orc wizard hits you with a +0 dagger.
You die...

#......#####
##......#.).#
........#...#
........#...#
........#...#
.....>..#...#
........#o..#
#......@o..#
#......#o..#
#......#...#
#......#####
#......#...#
#......#...#
#......'...#
#......#...#
#......#...#


You could see an orc wizard and 2 orcs.

Vanquished Creatures
  2 orcs (D:5)
2 creatures vanquished.

Notes
Turn   | Place    | Note
-------+----------+-------------------------------------------
     0 | D:5      | qw the Gargoyle Delver began the quest for the Orb.
     0 | D:5      | Reached XP level 1. HP: 14/14 MP: 1/1
     0 | D:5      | 0 ||| qw: Version: 0.1-a-116-g5d60599
     0 | D:5      | 0 ||| qw: Game counter: 8801
     0 | D:5      | 0 ||| qw: Always use a shield: true
     0 | D:5      | 0 ||| qw: God list: Okawaru
     0 | D:5      | 0 ||| qw: Allow faded altars: false
     0 | D:5      | 0 ||| qw: Do Orc after D:15 true
     0 | D:5      | 0 ||| qw: Do second Lair branch before Depths: true
     0 | D:5      | 0 ||| qw: Lair rune preference: random
     0 | D:5      | 0 ||| qw: Plans: Normal
     0 | D:5      | 0 ||| PLANNING D:1-11
    30 | D:5      | Noticed an orc wizard
    36 | D:5      | HP: 3/14 [orc wizard/+0 dagger (4)]
    38 | D:5      | Slain by an orc wizard

Levels and vault maps discovered:
D:5:      layout_gridville, nicolae_dithmenos_through_a_glass_darkly,
          minmay_temple_entry_arrows

Skill      XL: |  1 |
---------------+----+-----
Axes           | 2 |  2.0
Fighting       | |  3.2
Dodging        | |  1.5
Stealth        | |  5.4

Action                   || total
-------------------------++-------
Melee: Hand axe          ||     7
Armor: Leather armour    ||     5
Dodge: Dodged            ||     7

Table legend:
 A = Non-vault XP
 B = Vault XP
 C = Vault XP percentage of total XP
 D = Non-vault monster count
 E = Vault monster count
 F = Vault count percentage of total count
                 A         B        C        D         E       F
            +---------+---------+-------+---------+---------+-------
      Total |       6 |       0 |   0.0 |       2 |       0 |   0.0
            +---------+---------+-------+---------+---------+-------
        D:5 |       6 |       0 |   0.0 |       2 |       0 |   0.0
            +---------+---------+-------+---------+---------+-------
